 Dungeon Crawl Stone Soup version 0.26.1-11-gd32895ea62 (webtiles) character file.

Game seed: 1982070693284974559

45 ubername the Chiller (level 3, -6/24 HPs)
             Began as a Barachi Ice Elementalist on June 24, 2021.
             Killed by nerve-wracking pain
             ... invoked by a shadow imp
              (13 damage)
             ... on level 2 of the Dungeon.
             The game lasted 00:03:56 (1826 turns).

ubername the Chiller (Barachi Ice Elementalist)     Turns: 1826, Time: 00:03:57

Health: -6/24      AC:  9    Str:  9    XL:     3   Next: 64%
Magic:  1/7        EV: 12    Int: 16    God:
Gold:   25         SH:  0    Dex: 12    Spells: 0/7 levels left

rFire    . . .     SeeInvis .   d - +0 dagger
rCold    . . .     Faith    .   (no shield)
rNeg     . . .     Spirit   .   a - +1 robe
rPois    .         Reflect  .   (no helmet)
rElec    .         Harm     .   (no cloak)
rCorr    .         Rampage  .   (no gloves)
Will     .....                  (no boots)
Stlth    ++........             (no amulet)
HPRegen  0.08/turn              (no ring)
MPRegen  0.10/turn              (no ring)

@: icy armour, slow
A: +LOS, swims, slowness 1, strong legs 1
a: Hop


You were on level 2 of the Dungeon.
You visited 1 branch of the dungeon, and saw 2 of its levels.

You collected 25 gold pieces.

Inventory:

Hand Weapons
 d - a +0 dagger (weapon)
Missiles
 e - 16 sling bullets
 g - 8 boomerangs (quivered)
Armour
 a - a +1 robe (worn)
Scrolls
 c - a scroll of remove curse {unknown}
 f - a scroll of identify
Potions
 b - a potion of flight {unknown}
 h - a potion of curing {unknown}


   Skills:
 + Level 0.2 Throwing
 + Level 2.3 Dodging
 + Level 1.8 Stealth
 + Level 2.9 Spellcasting
 + Level 5.7 Ice Magic


You couldn't memorise any spells.
You knew the following spells:

 Your Spells              Type           Power        Failure   Level
a - Freeze                Ice            80%          1%          1
b - Frozen Ramparts       Ice            40%          5%          3
c - Ozocubu's Armour      Ice            20%          5%          3

Your spell library contained the following spells:

 Spells                   Type           Power        Failure   Level
 Hailstorm                Conj/Ice       11%          50%         4
 Summon Ice Beast         Ice/Summ       11%          50%         4


Dungeon Overview and Level Annotations

Branches:
Dungeon (2/15)

Altars:
Ashenzari


Innate Abilities, Weirdness & Mutations

You can be seen from farther away. (+LOS)
You can swim through water.
You cover ground slowly.
You can hop short distances.


Message History

The shadow imp is heavily wounded.
The shadow imp barely misses you.
You barely miss the shadow imp.
The shadow imp is heavily wounded.
The shadow imp completely misses you.
You hit the shadow imp.
The shadow imp is severely wounded.
The shadow imp barely misses you.
You hit the shadow imp but do no damage.
The shadow imp is severely wounded.
The shadow imp closely misses you.
You hit the shadow imp but do no damage.
The shadow imp is severely wounded.
The shadow imp hits you but does no damage.
You closely miss the shadow imp.
The shadow imp is severely wounded.
The shadow imp gestures at you. Pain shoots through your body!
Ouch! That really hurt!
You die...

###########
#.@........
########5#########
#...<..†.......r.
.....w........#######
.##..##.......# ....
##......# #. #......#
# .......# .....#..#


You could see a shadow imp.

Vanquished Creatures
  An ooze (D:1)
  A worm (D:2)
  2 dart slugs (D:1)
  6 bats (D:1)
  2 giant cockroaches (D:1)
  5 goblins (D:1)
  5 hobgoblins
  2 frilled lizards (D:1)
  A kobold (D:1)
  8 rats
33 creatures vanquished.

Notes
Turn   | Place    | Note
-------+----------+-------------------------------------------
     0 | D:1      | ubername the Barachi Ice Elementalist began the quest for
                  | the Orb.
     0 | D:1      | Reached XP level 1. HP: 13/13 MP: 3/3
    69 | D:1      | Reached skill level 5 in Ice Magic
   154 | D:1      | Reached XP level 2. HP: 12/19 MP: 0/5
   986 | D:1      | Reached XP level 3. HP: 24/24 MP: 5/7
   990 | D:1      | Learned a level 3 spell: Frozen Ramparts
   994 | D:1      | Learned a level 3 spell: Ozocubu's Armour
  1451 | D:1      | Found a broken altar of Ashenzari.
  1826 | D:2      | Killed from afar by a shadow imp

Illustrated notes

Levels and vault maps discovered:
D:1:      dpeg_arrival_subterranean_lakeside_camping, layout_loops_ring,
          ashenzari_altar_1
D:2:      layout_basic, lemuel_round_altar, dk_vineyard_2,
          palyth_stone_intersect, chequers_garden

Skill      XL: |  1 |
---------------+----+-----
Ice Magic      | 5 |  5.7
Throwing       | |  0.2
Dodging        | |  2.3
Stealth        | |  1.8
Spellcasting   | |  2.9

Action                   || total
-------------------------++-------
Melee: Dagger            ||    66
Throw: Throwing net      ||     2
       Boomerang         ||    12
 Cast: Freeze            ||    26
       Frozen Ramparts   ||     8
       Ozocubu's Armour  ||     1
  Use: Scroll            ||     2
Armor: Robe              ||    34
Dodge: Dodged            ||    84
